[Event "Titled Tuesday Blitz October 31 Late 2023"]
[White "Janaszak, Dawid"]
[Black "SergioMoralesG"]
[WhiteFideId "1119206"]
[WhiteElo "2680"]
[BlackElo "2385"]
[Result "1-0"]
[Round "1"]
[TimeControl "180+1"]
[Date "2023.10.31"]
[WhiteClock "0:00:50"]
[BlackClock "0:00:00"]
[Board "89"]

1. e4 c5 2. Nc3 Nc6 3. Bb5 Nd4 4. Nf3 a6 5. Bd3 g6 6. b4 Nxf3+ 7. Qxf3 cxb4 8. Nd5 Bg7 9. Rb1 Nf6 10. Bb2 O-O 11. Nxb4 d6 12. O-O Qa5 13. Bxf6 Bxf6 14. Nd5 Bg5 15. Qg3 h6 16. f4 Bf6 17. Nxf6+ exf6 18. e5 f5 19. exd6 Qc5+ 20. Kh1 Qxd6 21. Rfe1 b5 22. Qh4 Kh7 23. Re7 Be6 24. Qf6 Rae8 25. Ra7 Qb6 26. Re7 Qd6 27. Rxe8 Rxe8 28. h4 Qd8 29. Qxd8 Rxd8 30. a4 bxa4 31. Ra1 Bd7 32. Bxa6 Kg7 33. c4 Bc6 34. Ra2 Rd4 35. Kh2 Rxf4 36. g3 Rd4 37. Kg1 Kf6 38. Kf2 Ke5 39. Ke3 Rg4 40. Kf2 Rd4 41. c5 Kd5 42. Be2 Kxc5 43. Rc2+ Kd6 44. Ke3 Rd5 45. d4 Re5+ 46. dxe5+ Kd7 47. Bc4 Ke7 48. Bxf7 Be4 49. Rc7+ Kd8 50. Ra7 1-0


[Site "https://www.chess.com"]

[Event "Titled Tuesday Blitz October 31 Late 2023"]
[White "Baghdasaryan, Vahe"]
[Black "Pantev, Veselin"]
[WhiteFideId "13303139"]
[BlackFideId "2901390"]
[WhiteElo "2383"]
[BlackElo "2680"]
[Result "0-1"]
[Round "1"]
[TimeControl "180+1"]
[Date "2023.10.31"]
[WhiteClock "0:00:00"]
[BlackClock "0:01:22"]
[Board "90"]

1. e4 c6 2. c4 e5 3. Nf3 Qc7 4. Nc3 Nf6 5. Be2 Bb4 6. d3 d6 7. O-O Bg4 8. h3 Bxf3 9. Bxf3 Nbd7 10. Ne2 O-O 11. Ng3 Bc5 12. Rb1 a5 13. Nf5 Rfe8 14. Be3 Nf8 15. a3 a4 16. Qd2 Ne6 17. g3 g6 18. Nh6+ Kg7 19. Ng4 Nxg4 20. hxg4 Bxe3 21. Qxe3 h6 22. Kg2 Rh8 23. Rh1 Qa5 24. Rbf1 Qc5 25. Qd2 b5 26. cxb5 Qxb5 27. Be2 Qa5 28. Qc1 Qc5 29. Qd2 g5 30. Rc1 Qb6 31. Rc4 Rhb8 32. Rb4 Qc7 33. Rc1 c5 34. Rxb8 Rxb8 35. Bd1 Qa7 36. Rc4 Qb6 37. Bxa4 Qxb2 38. Qxb2 Rxb2 39. Bd7 Nd4 40. Ra4 Ra2 41. Ra7 Kf8 42. a4 Nb3 43. Bc6 Nc1 44. Bd5 Ra3 45. Rxf7+ Ke8 46. Ra7 Nxd3 47. a5 Nb4 48. Bc4 Rc3 49. Bb5+ Kd8 50. Rd7+ Kc8 51. Rxd6 Ra3 52. a6 Kc7 53. Rxh6 Ra5 54. Bc4 Ra4 55. Re6 Nc6 56. Bb5 Nd4 57. Bxa4 Nxe6 58. Bb3 Nd4 59. Bc4 Kb6 60. Kf1 Nc6 61. Ke1 Na5 62. Be2 c4 63. Kd2 Kxa6 64. Kc3 Kb5 65. f3 Kc5 66. Bf1 Nc6 67. Be2 Nd4 68. Bxc4 Nxf3 69. Be6 Nd4 70. Bf5 Nb5+ 71. Kd3 Kb4 72. Be6 Nd6 73. Bf5 Nb7 74. Be6 Nc5+ 75. Ke3 Kc3 76. Bf5 Na4 77. Bg6 Nb2 78. Bf5 Nc4+ 79. Ke2 Kd4 80. Bg6 Nd6 81. Kf3 Nb7 82. Bf5 Nc5 83. Bg6 Nb3 84. Bf5 Nd2+ 85. Kg2 Nxe4 86. Kf3 Nc3 87. Bg6 Nb5 88. Kf2 e4 89. Bf5 Nd6 90. Bg6 Nc4 91. Ke2 Ne5 92. Bf5 Nf7 93. Be6 Nd6 94. Bd7 e3 95. Bc6 Nc4 96. Bd7 Ne5 97. Bf5 Nf7 98. Be6 Nd8 99. Bf5 Nc6 100. Bd7 Nb4 101. Bf5 Na2 102. Bc2 Nc3+ 103. Ke1 Ne4 104. Ke2 Nxg3+ 105. Kf3 Nf1 106. Ke2 Nd2 107. Bf5 Nc4 108. Bd3 Nd6 109. Bg6 Nb7 110. Bf5 Na5 111. Bd3 Nb3 112. Bc2 Na5 113. Bd3 Nc6 114. Bf5 Ne5 115. Bg6 Nxg6 116. Kf3 Ne5+ 117. Ke2 Ke4 0-1


[Site "https://www.chess.com"]

[Event "Titled Tuesday Blitz October 31 Late 2023"]
[White "Goltsev, Dmitry"]
[Black "Abduzhaparov"]
[WhiteFideId "24176710"]
[WhiteElo "2672"]
[BlackElo "2381"]
[Result "0-1"]
[Round "1"]
[TimeControl "180+1"]
[Date "2023.10.31"]
[WhiteClock "0:00:03"]
[BlackClock "0:00:10"]
[Board "91"]

1. e4 d6 2. d4 Nf6 3. Nc3 e5 4. dxe5 dxe5 5. Qxd8+ Kxd8 6. Nf3 Bd6 7. Bc4 Be6 8. Bxe6 fxe6 9. h3 Ke7 10. a3 Nc6 11. Be3 a6 12. O-O-O Rhd8 13. Rd2 b5 14. Rhd1 Na5 15. Rd3 Nc4 16. Bg5 h6 17. Bh4 g5 18. Bg3 Nh5 19. b3 Nxg3 20. bxc4 Bxa3+ 21. Kb1 b4 22. Rxd8 Rxd8 23. Rxd8 Kxd8 24. fxg3 bxc3 25. Nxe5 Bd6 26. Nf7+ Ke7 27. Nxh6 Bxg3 28. Ka2 Be1 29. Kb3 Bd2 30. e5 Kd7 31. Ng4 Kc6 32. Nf6 Kc5 33. Ne8 a5 34. Nxc7 a4+ 35. Kxa4 Kxc4 36. Nxe6 Kd5 37. Nc7+ Kxe5 38. g3 Ke4 39. h4 g4 40. h5 Kf3 41. Nd5 Kxg3 42. h6 Bxh6 43. Nxc3 Kf3 44. Nb5 g3 45. Nd4+ Kf2 46. Nf5 g2 47. Nxh6 g1=Q 48. Nf7 Qg4+ 49. Kb3 Qe6+ 50. c4 Qxf7 51. Kb4 Qc7 52. Kb5 Ke3 53. c5 Ke4 54. Kb4 Kd5 55. Kb5 Qxc5+ 56. Ka6 Qb4 57. Ka7 Kc6 58. Ka6 Qb6# 0-1


[Site "https://www.chess.com"]

[Event "Titled Tuesday Blitz October 31 Late 2023"]
[White "Ljukin, Sergei"]
[Black "Rosen, Eric"]
[WhiteFideId "14102200"]
[BlackFideId "2032562"]
[WhiteElo "2378"]
[BlackElo "2671"]
[Result "0-1"]
[Round "1"]
[TimeControl "180+1"]
[Date "2023.10.31"]
[WhiteClock "0:00:14"]
[BlackClock "0:00:33"]
[Board "92"]

1. e4 c5 2. Nf3 e6 3. d4 cxd4 4. Nxd4 Nc6 5. Nc3 Qc7 6. Be3 a6 7. Qd2 Nf6 8. f3 Ne5 9. O-O-O b5 10. g4 d6 11. h4 Be7 12. h5 Nc4 13. Bxc4 Qxc4 14. g5 Nd7 15. g6 Ne5 16. gxf7+ Nxf7 17. Kb1 Bd7 18. f4 b4 19. Nce2 a5 20. Rc1 a4 21. c3 b3 22. a3 e5 23. fxe5 dxe5 24. Rhg1 exd4 25. cxd4 Qe6 26. Qd3 O-O 27. Nf4 Qa6 28. Qd2 Bg5 29. e5 Bf5+ 30. Ka1 Qh6 31. Rg3 Rac8 32. Rf1 Rc2 33. Qd1 Nd6 34. exd6 Qxd6 35. Rxg5 Qxa3+ 0-1


[Site "https://www.chess.com"]

[Event "Titled Tuesday Blitz October 31 Late 2023"]
[White "Wu, Derek"]
[Black "UK_23"]
[WhiteFideId "30914558"]
[WhiteElo "2670"]
[BlackElo "2375"]
[Result "1-0"]
[Round "1"]
[TimeControl "180+1"]
[Date "2023.10.31"]
[WhiteClock "0:01:40"]
[BlackClock "0:02:02"]
[Board "93"]

1. Nf3 d5 2. g3 Nf6 3. Bg2 e6 4. c4 Be7 5. O-O O-O 6. d4 c6 7. Qc2 b6 8. Nc3 a5 9. e4 Na6 10. e5 Nd7 11. a3 h6 12. Rd1 Bb7 13. cxd5 cxd5 14. Be3 Rc8 15. Qd2 Re8 16. Rac1 Bf8 17. Nb5 Ndb8 18. Na7 Rxc1 19. Rxc1 Qd7 20. Bf1 Nc7 21. Qc2 Na8 22. Bb5 Qe7 23. Bxe8 Qxe8 24. Nc8 Qb5 25. Nd6 Ba6 26. Nxb5 1-0


[Site "https://www.chess.com"]

[Event "Titled Tuesday Blitz October 31 Late 2023"]
[White "Martinez, Shawn"]
[Black "Olsen, Filip Boe"]
[WhiteFideId "2039770"]
[BlackFideId "1440640"]
[WhiteElo "2371"]
[BlackElo "2670"]
[Result "0-1"]
[Round "1"]
[TimeControl "180+1"]
[Date "2023.10.31"]
[WhiteClock "0:00:00"]
[BlackClock "0:00:07"]
[Board "94"]

1. e3 d6 2. d4 g6 3. c4 Bg7 4. Nc3 c5 5. Nf3 Nf6 6. b3 O-O 7. Bb2 cxd4 8. exd4 d5 9. Be2 Nc6 10. O-O Bg4 11. Re1 Rc8 12. c5 Ne4 13. h3 Bxf3 14. Bxf3 Bxd4 15. Bxe4 dxe4 16. Rxe4 e5 17. Na4 Bxb2 18. Nxb2 Qxd1+ 19. Rxd1 Rfd8 20. Rxd8+ Rxd8 21. Nc4 Rd1+ 22. Kh2 f6 23. Nd6 b6 24. Nb7 Rd7 25. Nd6 bxc5 26. Nb5 Nd4 27. Nc3 Kf7 28. f4 exf4 29. Rxf4 f5 30. Na4 Ne6 31. Rc4 Rd5 32. a3 Kf6 33. b4 cxb4 34. axb4 f4 35. Nc3 Rd4 36. Rc6 Ke5 37. b5 Rd2 38. Kg1 f3 39. gxf3 Nd4 40. Rc5+ Kf4 41. Rc4 Kxf3 42. Ra4 Rd3 43. Nd5 Ne2+ 44. Kf1 Rxd5 45. Ra3+ Nc3 46. Rxc3+ Kf4 47. Rc7 Rxb5 48. Rxa7 h5 49. Kg2 Rb2+ 50. Kg1 Kg3 51. Ra3+ Kh4 52. Kh1 g5 53. Kg1 Re2 54. Kh1 Rd2 55. Kg1 Rd4 56. Kh2 Rd2+ 57. Kg1 Re2 58. Kh1 g4 59. hxg4 hxg4 60. Kg1 Rc2 61. Kf1 Kg5 62. Kg1 Kf4 63. Ra4+ Kf3 64. Ra3+ Kf4 65. Ra4+ Kg3 66. Ra3+ Kh4 67. Ra4 Rb2 68. Ra8 Kh3 69. Ra3+ g3 70. Kf1 Rb1+ 71. Ke2 Kh2 0-1


[Site "https://www.chess.com"]

[Event "Titled Tuesday Blitz October 31 Late 2023"]
[White "Domingo Nunez, Ruben"]
[Black "Kazakov, Mikhail"]
[WhiteFideId "22245570"]
[BlackFideId "14102749"]
[WhiteElo "2669"]
[BlackElo "2369"]
[Result "1-0"]
[Round "1"]
[TimeControl "180+1"]
[Date "2023.10.31"]
[WhiteClock "0:00:13"]
[BlackClock "0:00:00"]
[Board "95"]

1. Nf3 d5 2. b3 Nf6 3. Bb2 Bf5 4. e3 e6 5. c4 c6 6. Be2 Be7 7. O-O O-O 8. h3 h6 9. Nc3 Nbd7 10. d4 Ne4 11. Na4 a6 12. c5 Bf6 13. Rc1 Re8 14. Ne5 Nxe5 15. dxe5 Be7 16. Bd4 f6 17. Qe1 Ng5 18. Nb6 Rb8 19. h4 Nf7 20. exf6 Bxf6 21. Bxf6 gxf6 22. Bh5 Re7 23. f3 Bh7 24. Qg3+ Kh8 25. Qf4 Kg7 26. b4 Qc7 27. Qxc7 Rxc7 28. a4 Ne5 29. Rfd1 Nd3 30. Rb1 a5 31. bxa5 Nxc5 32. Rb4 e5 33. e4 d4 34. Rc4 Nd7 35. Bg4 Nxb6 36. axb6 Re7 37. a5 Ra8 38. Ra1 Ra6 39. Bc8 Bg8 40. Rxc6 Ra8 41. Rc5 Rb8 42. Kf2 h5 43. g4 hxg4 44. Bxg4 Be6 45. Rc7 Kf7 46. Bh5+ Kf8 47. Rac1 d3 48. Ke3 Rd8 49. Rxe7 Kxe7 50. Rc7+ Kf8 51. Kd2 Rd7 52. Rxd7 Bxd7 53. a6 1-0


[Site "https://www.chess.com"]

[Event "Titled Tuesday Blitz October 31 Late 2023"]
[White "Stanojevic, Ilija"]
[Black "Principe, Alexander"]
[WhiteFideId "959995"]
[BlackFideId "3804542"]
[WhiteElo "2363"]
[BlackElo "2667"]
[Result "1-0"]
[Round "1"]
[TimeControl "180+1"]
[Date "2023.10.31"]
[WhiteClock "0:00:12"]
[BlackClock "0:00:00"]
[Board "96"]

1. d4 Nf6 2. c4 g6 3. Nc3 Bg7 4. g3 O-O 5. Bg2 d6 6. Nf3 c6 7. O-O Qa5 8. h3 e5 9. e4 Nbd7 10. Be3 exd4 11. Nxd4 Re8 12. Re1 h5 13. Qc2 Nc5 14. a3 Qc7 15. b4 Ne6 16. Rad1 Nxd4 17. Bxd4 Be6 18. c5 dxc5 19. bxc5 Rad8 20. e5 Nd5 21. Ne4 Bf5 22. f4 Bxe4 23. Bxe4 h4 24. Qf2 hxg3 25. Qxg3 Qe7 26. h4 Bh6 27. Rf1 Nf6 28. Bf3 Nh7 29. h5 Nf8 30. Be4 g5 31. Be3 Ne6 32. Rd6 Kh8 33. Rfd1 Rg8 34. f5 b6 35. fxe6 fxe6 36. cxb6 axb6 37. Bxb6 Rdf8 38. Be3 Qg7 39. Bg6 Rf4 40. Bxf4 gxf4 41. Qg4 Qxe5 42. Rxe6 Qc5+ 43. Kh1 f3 44. Qxf3 Qc4 45. Re7 Qh4+ 46. Kg2 Qxe7 47. Rf1 Qg5+ 48. Qg3 Qxg3+ 49. Kxg3 c5 50. Rf7 Bg7 51. h6 c4 52. hxg7+ Rxg7 53. Rxg7 Kxg7 54. Bc2 Kf6 55. Kf3 Ke6 56. Ke4 Kd6 57. Kd4 c3 58. Kxc3 Kc6 59. a4 Kb6 60. Kb4 Ka6 61. Be4 Ka7 62. Kb5 Kb8 63. a5 Ka7 64. a6 Kb8 65. Kb6 Kc8 66. a7 1-0


[Site "https://www.chess.com"]

[Event "Titled Tuesday Blitz October 31 Late 2023"]
[White "Ozates, Tuna"]
[Black "Friedland, Moshe"]
[WhiteFideId "6354521"]
[BlackFideId "2812843"]
[WhiteElo "2665"]
[BlackElo "2362"]
[Result "0-1"]
[Round "1"]
[TimeControl "180+1"]
[Date "2023.10.31"]
[WhiteClock "0:00:03"]
[BlackClock "0:00:08"]
[Board "97"]

1. c4 c6 2. Nf3 d5 3. e3 Nf6 4. Qc2 g6 5. Nc3 Bg7 6. Be2 O-O 7. b3 Nbd7 8. d4 b6 9. O-O Bb7 10. a4 a6 11. Re1 Re8 12. Bb2 Rc8 13. e4 dxe4 14. Nxe4 c5 15. Nxf6+ Bxf6 16. d5 e6 17. dxe6 Rxe6 18. Rad1 Bxb2 19. Qxb2 Qf6 20. Qxf6 Nxf6 21. Ng5 Re7 22. Bf3 Bxf3 23. Nxf3 Rxe1+ 24. Nxe1 Re8 25. Kf1 Re6 26. f3 Kf8 27. Nd3 Rd6 28. Ke2 a5 29. g4 Nd7 30. f4 Rd4 31. Ke3 h6 32. Nf2 Rxd1 33. Nxd1 Ke7 34. h3 g5 35. Nc3 Nf6 36. Ne4 Nxe4 37. Kxe4 Ke6 38. f5+ Kd6 39. Kd3 Ke5 40. Ke3 f6 41. Kf3 Kd4 42. Kf2 Kc3 43. Kf3 Kxb3 44. Ke4 Kxc4 0-1


[Site "https://www.chess.com"]

[Event "Titled Tuesday Blitz October 31 Late 2023"]
[White "Ramadoss, Ashokkumar"]
[Black "Amburgy, Ryan"]
[WhiteFideId "5040990"]
[BlackFideId "30924820"]
[WhiteElo "2360"]
[BlackElo "2664"]
[Result "1-0"]
[Round "1"]
[TimeControl "180+1"]
[Date "2023.10.31"]
[WhiteClock "0:00:38"]
[BlackClock "0:00:47"]
[Board "98"]

1. Nf3 d5 2. c4 e6 3. Qc2 Nf6 4. d4 a6 5. cxd5 exd5 6. Bg5 Be7 7. e3 h6 8. Bh4 Nbd7 9. Bd3 b6 10. Ne5 O-O 11. Nc6 Qe8 12. Nxe7+ Qxe7 13. Qxc7 a5 14. O-O Qb4 15. Qc3 Ba6 16. Bxa6 Rxa6 17. a3 Qd6 18. Bg3 Qe6 19. Nd2 Raa8 20. Rfc1 Rfe8 21. Qc6 Nf8 22. Qxe6 Rxe6 23. Rc7 b5 24. Rac1 b4 25. a4 Rea6 26. b3 Ne6 27. Rc8+ Kh7 28. Rxa8 Rxa8 29. Kf1 Kg6 30. Ke2 Ra6 31. Be5 Nd7 32. Nf3 f6 33. Bg3 Kf7 34. h4 Ndf8 35. h5 Nd7 36. Nh4 Ng5 37. f3 Ke6 38. Ng6 Kf5 39. Nf4 Rd6 40. Ng6 Ra6 41. Kd3 Ne6 42. Ne7+ Kg5 43. Nxd5 Kxh5 44. e4 g5 45. Ne7 g4 46. f4 1-0


[Site "https://www.chess.com"]

[Event "Titled Tuesday Blitz October 31 Late 2023"]
[White "Ismagilov, Damir"]
[Black "Colivet Gamboa, Julio Cesar"]
[WhiteFideId "34199982"]
[BlackFideId "3949583"]
[WhiteElo "2655"]
[BlackElo "2360"]
[Result "0-1"]
[Round "1"]
[TimeControl "180+1"]
[Date "2023.10.31"]
[WhiteClock "0:00:20"]
[BlackClock "0:00:32"]
[Board "99"]

1. f4 c5 2. Nf3 Nc6 3. b3 Nf6 4. Bb2 e6 5. e3 Be7 6. Bb5 O-O 7. O-O Qc7 8. d3 b6 9. Nbd2 Bb7 10. Qe1 Na5 11. d4 cxd4 12. Nxd4 Rac8 13. Bd3 e5 14. Nb5 Qc5 15. Bxe5 a6 16. Nd4 d6 17. Bxf6 Bxf6 18. N2f3 Rfe8 19. Qf2 Bxf3 20. Qxf3 Rxe3 21. Qg4 Bxd4 22. Kh1 Rce8 23. f5 Bf6 24. b4 Qd4 25. Qxd4 Bxd4 26. Rad1 Nc6 27. b5 Nb4 28. Bc4 d5 29. Rxd4 dxc4 30. Rxc4 Nxa2 31. bxa6 g6 32. f6 Nc3 33. h3 Nd5 34. Ra4 R3e6 35. a7 Ra8 36. Rb1 Rxf6 37. c4 Nc3 38. c5 Nxa4 39. cxb6 Nxb6 40. g4 Rxa7 41. Rd1 Re6 42. Kg2 Kg7 43. Kg3 Ra3+ 44. Kh4 h6 45. Rd5 g5+ 46. Rxg5+ hxg5+ 47. Kxg5 Nd5 48. h4 Re5# 0-1


[Site "https://www.chess.com"]

[Event "Titled Tuesday Blitz October 31 Late 2023"]
[White "Dmitrenko, Viktor"]
[Black "Al-Tarboush, Ward"]
[WhiteFideId "14110270"]
[BlackFideId "7601450"]
[WhiteElo "2359"]
[BlackElo "2654"]
[Result "0-1"]
[Round "1"]
[TimeControl "180+1"]
[Date "2023.10.31"]
[WhiteClock "0:00:07"]
[BlackClock "0:01:24"]
[Board "100"]

1. d4 d5 2. c4 c6 3. Nf3 Nf6 4. Nc3 dxc4 5. a4 Bf5 6. Ne5 Nbd7 7. Nxc4 Nb6 8. Ne3 e6 9. a5 Nbd5 10. Nxf5 exf5 11. a6 b5 12. e3 Bb4 13. Bd2 O-O 14. Bd3 g6 15. O-O Re8 16. Qc2 Qd7 17. Rfc1 Rad8 18. Qb3 Bd6 19. g3 Nxc3 20. bxc3 Ne4 21. Be1 h5 22. c4 Rb8 23. cxb5 cxb5 24. Qd5 h4 25. Rc6 Red8 26. Bxe4 fxe4 27. Qxe4 h3 28. Rac1 b4 29. d5 b3 30. Bc3 Re8 31. Qh4 Be5 32. Bxe5 Rxe5 33. Qf4 Qxd5 34. Rc8+ Rxc8 35. Rxc8+ Kg7 36. Qd4 Qg2# 0-1


[Site "https://www.chess.com"]

[Event "Titled Tuesday Blitz October 31 Late 2023"]
[White "reevecanada"]
[Black "Van Osch, Mees"]
[BlackFideId "1035967"]
[WhiteElo "2654"]
[BlackElo "2359"]
[Result "1-0"]
[Round "1"]
[TimeControl "180+1"]
[Date "2023.10.31"]
[WhiteClock "0:01:18"]
[BlackClock "0:00:12"]
[Board "101"]

1. e4 e6 2. Nf3 d5 3. Nc3 Nf6 4. e5 Nfd7 5. d4 c5 6. Bg5 Qb6 7. dxc5 Nxc5 8. Be2 Qxb2 9. Nb5 Nba6 10. Bd2 Ne4 11. O-O Nxd2 12. Qxd2 Qb4 13. c3 Qc5 14. Nfd4 Be7 15. Nb3 Qc6 16. a4 O-O 17. Rac1 Nc5 18. N3d4 Qd7 19. Ra1 a6 20. Na3 b6 21. a5 bxa5 22. Nac2 a4 23. f4 Bb7 24. f5 exf5 25. Nxf5 Ne4 26. Qf4 Bg5 27. Qg4 Qc7 28. h4 Qxe5 29. hxg5 Nxc3 30. Bd3 d4 31. Ncxd4 Rad8 32. Rae1 Qc5 33. Qh4 g6 34. Ne7+ Kg7 35. Rf4 Rfe8 36. Rxf7+ Kxf7 37. Qxh7+ Kf8 38. Nxg6# 1-0


[Site "https://www.chess.com"]

[Event "Titled Tuesday Blitz October 31 Late 2023"]
[White "Williams, John M"]
[Black "Piesik, Piotr"]
[WhiteFideId "2046636"]
[BlackFideId "1136194"]
[WhiteElo "2359"]
[BlackElo "2653"]
[Result "1/2-1/2"]
[Round "1"]
[TimeControl "180+1"]
[Date "2023.10.31"]
[WhiteClock "0:00:13"]
[BlackClock "0:00:16"]
[Board "102"]

1. c4 g6 2. g3 Bg7 3. Bg2 Nc6 4. Nf3 d6 5. d4 Nf6 6. Nc3 O-O 7. O-O a6 8. h3 Rb8 9. e4 b5 10. d5 Na5 11. cxb5 axb5 12. b4 Nc4 13. Nd4 Bd7 14. Re1 e6 15. Bg5 h6 16. Bc1 exd5 17. exd5 Re8 18. Rxe8+ Qxe8 19. Rb1 Qe7 20. Bf1 Re8 21. Ncxb5 Qe1 22. Bf4 Qxd1 23. Rxd1 Bxb5 24. Nxb5 Nb6 25. Nxc7 Rd8 26. Bg2 g5 27. Be3 Nc4 28. Bd4 Nd7 29. b5 Bxd4 30. Rxd4 Ndb6 31. a4 Rc8 32. a5 Nxa5 33. Na6 Rc1+ 34. Kh2 Kf8 35. Nb4 Rc4 36. Rxc4 Naxc4 37. Nc6 Na3 38. Nd4 h5 39. g4 hxg4 40. hxg4 Nb1 41. Kg3 Nc3 42. f4 gxf4+ 43. Kxf4 Ncxd5+ 44. Bxd5 Nxd5+ 45. Ke4 Nb6 46. Nf5 d5+ 47. Kd4 Ke8 48. Kc5 Na4+ 49. Kxd5 Kd7 50. Ke5 Nc3 51. Kf6 Nxb5 52. Kxf7 Na7 53. g5 Nc6 54. g6 Ne5+ 55. Kf6 Nxg6 1/2-1/2


[Site "https://www.chess.com"]

[Event "Titled Tuesday Blitz October 31 Late 2023"]
[White "Tanaka, Taira Tyler"]
[Black "Bogaudinov, Rushan"]
[WhiteFideId "7002351"]
[BlackFideId "4129288"]
[WhiteElo "2646"]
[BlackElo "2357"]
[Result "1-0"]
[Round "1"]
[TimeControl "180+1"]
[Date "2023.10.31"]
[WhiteClock "0:00:27"]
[BlackClock "0:00:08"]
[Board "103"]

1. d4 d6 2. e4 Nf6 3. Bd3 g6 4. f4 Bg7 5. Nf3 O-O 6. O-O c5 7. c3 a6 8. Qe2 b5 9. Be3 cxd4 10. cxd4 Bb7 11. Nbd2 Ng4 12. Rac1 Nxe3 13. Qxe3 Nd7 14. e5 e6 15. Be4 d5 16. Bd3 Rc8 17. Nb3 Qb6 18. Nc5 Rfd8 19. b4 Nxc5 20. dxc5 d4 21. Nxd4 Qc7 22. Be4 Bd5 23. Nb3 Bxe4 24. Qxe4 Rd5 25. Rfd1 Rcd8 26. Qf3 g5 27. g3 gxf4 28. gxf4 f6 29. Rxd5 Rxd5 30. exf6 Bxf6 31. Kh1 Rf5 32. Rg1+ Kf7 33. Qh3 h5 34. Qg2 Qxf4 35. Qg8+ Ke7 36. Qh7+ Bg7 37. Rxg7+ Ke8 38. Qg8+ Rf8 39. Qxe6+ 1-0


[Site "https://www.chess.com"]

[Event "Titled Tuesday Blitz October 31 Late 2023"]
[White "KorolDimitriy75"]
[Black "Luczak, Filip"]
[BlackFideId "1193686"]
[WhiteElo "2356"]
[BlackElo "2644"]
[Result "0-1"]
[Round "1"]
[TimeControl "180+1"]
[Date "2023.10.31"]
[WhiteClock "0:00:00"]
[BlackClock "0:00:29"]
[Board "104"]

1. d4 g6 2. c4 Bg7 3. Nc3 d6 4. Nf3 e5 5. e3 Nc6 6. Be2 Bg4 7. d5 Nce7 8. e4 h5 9. O-O Bh6 10. Ne1 Bd7 11. Nd3 Bxc1 12. Rxc1 c5 13. f4 f6 14. fxe5 fxe5 15. Qd2 Qa5 16. a3 b6 17. b4 Qa6 18. Rb1 Qxc4 19. Nxe5 Qd4+ 20. Qxd4 cxd4 21. Nf7 dxc3 22. Nxh8 Nh6 23. Nxg6 Nxg6 24. Bxh5 Ke7 25. Bxg6 Rg8 26. Bf5 Nxf5 27. exf5 Kf6 28. Rbc1 Rc8 29. g4 Ke5 30. Kf2 Kxd5 31. Ke3 Kc4 32. g5 d5 33. Rf4+ Kb3 34. f6 Kb2 35. Rff1 Be8 36. h4 Rc4 37. Rcd1 c2 38. Rc1 d4+ 0-1


[Site "https://www.chess.com"]

[Event "Titled Tuesday Blitz October 31 Late 2023"]
[White "Lamaze, Simon"]
[Black "Padalka, Artem"]
[WhiteFideId "36069264"]
[BlackFideId "14118637"]
[WhiteElo "2638"]
[BlackElo "2349"]
[Result "1-0"]
[Round "1"]
[TimeControl "180+1"]
[Date "2023.10.31"]
[WhiteClock "0:00:17"]
[BlackClock "0:00:00"]
[Board "105"]

1. e4 c5 2. Nf3 d6 3. d4 cxd4 4. Nxd4 Nf6 5. Nc3 g6 6. Be3 Bg7 7. f3 Nc6 8. Bc4 O-O 9. Bb3 Nxd4 10. Bxd4 Be6 11. Qe2 Nd7 12. O-O-O Bxd4 13. Rxd4 Rc8 14. h4 Qa5 15. h5 Rxc3 16. bxc3 Qxc3 17. Rdd1 Bxb3 18. axb3 Qa1+ 19. Kd2 Qa5+ 20. c3 Rc8 21. b4 Qa2+ 22. Ke1 Qxe2+ 23. Kxe2 Rxc3 24. hxg6 hxg6 25. Rc1 Rb3 26. Rc7 Ne5 27. Rxb7 Rb2+ 28. Ke3 Rxg2 29. Rxa7 Rb2 30. f4 Rb3+ 31. Ke2 Nc6 32. Rc7 Nd4+ 33. Kf2 Rxb4 34. Rxe7 Rb3 35. Re8+ Kg7 36. Kg2 Rb2+ 37. Kg3 Rb3+ 38. Kg4 f5+ 39. exf5 gxf5+ 40. Kh4 Rf3 41. Ra1 Rxf4+ 42. Kh5 Nf3 43. Ra7+ Kf6 44. Rf8+ Ke6 45. Re8+ Kd5 46. Kg6 Ne5+ 47. Kf6 Rf2 48. Ra5+ Ke4 49. Ke6 f4 50. Kxd6 Rd2+ 51. Ke6 Kf3 52. Rxe5 1-0


[Site "https://www.chess.com"]

[Event "Titled Tuesday Blitz October 31 Late 2023"]
[White "Minina, Veronika"]
[Black "Matinian, Nikita"]
[WhiteFideId "4174780"]
[BlackFideId "24129100"]
[WhiteElo "2346"]
[BlackElo "2637"]
[Result "0-1"]
[Round "1"]
[TimeControl "180+1"]
[Date "2023.10.31"]
[WhiteClock "0:00:00"]
[BlackClock "0:01:20"]
[Board "106"]

1. Nf3 Nf6 2. g3 g6 3. Bg2 Bg7 4. c4 O-O 5. O-O d6 6. Nc3 Nc6 7. d3 e5 8. Rb1 a5 9. a3 Bf5 10. e4 Bd7 11. b4 axb4 12. axb4 Qc8 13. Re1 Bh3 14. Bh1 h6 15. b5 Ne7 16. d4 Bg4 17. dxe5 dxe5 18. Nd5 Nexd5 19. cxd5 Ne8 20. Qb3 Nd6 21. Bb2 Re8 22. Rbc1 b6 23. Ba3 Nxb5 24. Qxb5 Rxa3 25. d6 Qe6 26. dxc7 Rc8 27. Nd2 Ra5 28. Qb4 Bf8 29. Qb2 Rc5 30. Rxc5 Bxc5 31. Nb3 Rxc7 32. Nxc5 bxc5 33. Bg2 c4 34. Bf1 c3 35. Qb8+ Rc8 36. Qb1 c2 37. Qc1 Bf3 38. Re3 Bd1 39. Bd3 Qb3 40. Ba6 Qb1 0-1


[Site "https://www.chess.com"]

[Event "Titled Tuesday Blitz October 31 Late 2023"]
[White "Volkov, Maksim"]
[Black "Lopez Del Alamo, Antonio"]
[WhiteFideId "54123070"]
[BlackFideId "2227339"]
[WhiteElo "2637"]
[BlackElo "2343"]
[Result "1-0"]
[Round "1"]
[TimeControl "180+1"]
[Date "2023.10.31"]
[WhiteClock "0:00:14"]
[BlackClock "0:00:11"]
[Board "107"]

1. e4 c5 2. Nf3 e6 3. d4 cxd4 4. Nxd4 Nf6 5. Nc3 Nc6 6. f3 d5 7. exd5 exd5 8. Bb5 Bc5 9. Nxc6 bxc6 10. Bxc6+ Bd7 11. Bxa8 Qxa8 12. Qe2+ Kd8 13. Kd1 Re8 14. Qd3 d4 15. Ne2 Qd5 16. Bd2 Bf5 17. Qb5 d3 18. cxd3 Bxd3 19. Qa5+ Kc8 20. Nf4 Qc4 21. Rc1 Be2+ 22. Nxe2 Qxe2+ 23. Kc2 Bb6 24. Kb1+ Kb8 25. Bf4+ Kb7 26. Qa4 Qd3+ 27. Ka1 Rc8 28. Rxc8 Kxc8 29. Rd1 Qe2 30. Qc6+ Bc7 31. Qxc7# 1-0


[Site "https://www.chess.com"]

[Event "Titled Tuesday Blitz October 31 Late 2023"]
[White "Bokros, Albert"]
[Black "Zeynalli, Rashad"]
[WhiteFideId "710458"]
[BlackFideId "13403320"]
[WhiteElo "2340"]
[BlackElo "2634"]
[Result "1/2-1/2"]
[Round "1"]
[TimeControl "180+1"]
[Date "2023.10.31"]
[WhiteClock "0:02:48"]
[BlackClock "0:01:44"]
[Board "108"]

1. e4 c5 2. Nf3 d6 3. d4 cxd4 4. Nxd4 Nf6 5. Nc3 g6 6. Be3 Bg7 7. f3 O-O 8. Qd2 Nc6 9. g4 Be6 10. Nxe6 fxe6 11. O-O-O Ne5 12. Be2 Qc8 13. h4 Nfd7 14. h5 Nxf3 15. Nd5 Nxd2 16. Nxe7+ Kf7 17. Nxc8 Raxc8 18. hxg6+ hxg6 19. Rxd2 Ke7 20. Bg5+ Bf6 21. Rh7+ Rf7 22. Bxf6+ Nxf6 23. Rxf7+ Kxf7 24. Rxd6 1/2-1/2


[Site "https://www.chess.com"]

[Event "Titled Tuesday Blitz October 31 Late 2023"]
[White "Pinheiro, Iung Alicio de O."]
[Black "Rose, Felix"]
[WhiteFideId "2104350"]
[BlackFideId "5105722"]
[WhiteElo "2628"]
[BlackElo "2339"]
[Result "1-0"]
[Round "1"]
[TimeControl "180+1"]
[Date "2023.10.31"]
[WhiteClock "0:00:19"]
[BlackClock "0:00:14"]
[Board "109"]

1. d4 Nf6 2. Nf3 d5 3. Bg5 Nbd7 4. Nbd2 h6 5. Bh4 e6 6. e3 c5 7. c3 Be7 8. Bd3 b6 9. O-O Bb7 10. Ne5 Ne4 11. Bxe7 Qxe7 12. Bb5 Nf6 13. f4 a6 14. Bd3 Ne4 15. Bxe4 dxe4 16. Nxd7 Qxd7 17. Nc4 Qc7 18. dxc5 bxc5 19. Nd6+ Ke7 20. Nc4 Rad8 21. Qg4 g6 22. Qh4+ Kf8 23. Qf6 Kg8 24. Rad1 Kh7 25. Ne5 Rhf8 26. h4 h5 27. g4 hxg4 28. h5 gxh5 29. Kg2 c4 30. Rh1 1-0


[Site "https://www.chess.com"]